Map: Orbital Shipyard

Players

crow

  • Race: Protoss Protoss
  • League: Master

Bakemonoda - Winner!

  • Race: Terran Terran
  • League: Master

VOD

https://www.youtube.com/watch?v=z9RkD7z2NuQ&feature=youtu.be

Description

Phantom Nova Night

Time

  • Played on: Jan. 22, 2016, 1:58 a.m.
  • Length: 6:25
Show
View Real Time Build Order
Export as new Build Order

crow Protoss 

Build Orders: 1 Gate Expand, Oracle Opening 

Get SALT Encoding   

  12  0:01  Probe (Chrono Boost)  
  13  0:11  Probe (Chrono Boost)  
  14  0:18  Pylon  
  14  0:22  Probe (Chrono Boost)  
  15  0:36  Probe (Chrono Boost)  
  15  0:37  Gateway  
  16  0:47  Probe (Chrono Boost)  
  17  0:51  Assimilator  
  17  0:57  Probe (Chrono Boost)  
  18  1:08  Probe (Chrono Boost)  
  19  1:24  Nexus  
  19  1:36  Cybernetics Core  
  19  1:38  Probe (Chrono Boost)  
  20  1:44  Assimilator  
  20  1:49  Probe (Chrono Boost)  
  21  1:55  Pylon  
  21  1:59  Probe (Chrono Boost)  
  22  2:10  Probe (Chrono Boost)  
  23  2:16  Adept  
  23  2:21  Mothership Core (Chrono Boost)  
  24  2:42  Probe (Chrono Boost)  
  24  2:43  Probe (Chrono Boost)  
  26  2:47  Adept  
  26  2:49  Warp Gate  
  28  2:53  Probe x2 (Chrono Boost)  
  28  2:58  Stargate  
  30  3:03  Probe (Chrono Boost)  
  31  3:14  Probe x2 (Chrono Boost)  
  31  3:19  Robotics Facility  
  33  3:26  Probe (Chrono Boost)  
  34  3:33  Gateway, Probe (Chrono Boost)  
  35  3:36  Probe (Chrono Boost)  
  36  3:43  Probe (Chrono Boost)  
  36  3:45  Oracle (Chrono Boost)  
  36  3:48  Probe  
  41  3:55  Probe  
  41  3:56  Pylon  
  41  4:00  Probe  
  43  4:06  Probe  
  43  4:08  Observer  
  45  4:12  Probe  
  45  4:15  Assimilator  
  45  4:16  Probe  
  46  4:20  Assimilator  
  47  4:24  Probe  
  42  4:39  Observer (Chrono Boost)  
  42  4:43  Mothership Core, Probe  
  38  4:54  Probe  
  37  5:04  Probe x2  
  37  5:05  Void Ray  
  36  5:14  Gateway  
  36  5:15  Probe  
  36  5:16  Gateway, Probe  
  36  5:18  Gateway  
  35  5:25  Probe  
  35  5:28  Probe  
  36  5:36  Probe  
  36  5:37  Immortal (Chrono Boost)  
  36  5:40  Probe  
  41  5:48  Adept  
Show
View Real Time Build Order
Export as new Build Order

Bakemonoda Terran - Winner!

Build Orders:  

Get SALT Encoding   

  12  0:01  SCV  
  13  0:13  SCV  
  14  0:18  Supply Depot  
  14  0:25  SCV  
  15  0:40  SCV  
  16  0:46  Refinery  
  16  0:51  Barracks  
  16  0:55  SCV  
  17  1:03  Barracks  
  17  1:11  SCV  
  18  1:23  SCV  
  19  1:27  Refinery  
  19  1:35  SCV  
  20  1:40  Reaper  
  21  1:49  Ghost Academy  
  21  1:50  Orbital Command  
  21  2:01  Barracks Tech Lab  
  21  2:04  Supply Depot  
  21  2:13  Barracks Tech Lab  
  21  2:44  Personal Cloaking  
  21  2:47  Ghost  
  24  2:51  SCV  
  24  3:03  SCV  
  25  3:08  Ghost  
  27  3:15  SCV  
  28  3:38  Command Center, Ghost  
  30  3:56  Supply Depot  
  30  3:59  Supply Depot  
  30  4:17  Ghost x2  
  32  4:46  Ghost  
  32  4:49  Ghost  
  35  5:08  SCV  
  36  5:20  SCV  
  37  5:25  Ghost x2  
Tags
 
Add a new tag
Caveats
  • Supply blocks, unpowered buildings, or Contaminate may cause inaccurate times.
  • Supply counts are checked every 10 seconds.